[Event "76th GEO-ch Women 2019"]
[Site "Tbilisi"]
[Date "2019.03.23"]
[Round "5.5"]
[White "Tsatsalashvili, Keti"]
[Black "Arabidze, Meri"]
[Result "1/2-1/2"]
[ECO "A13"]
[WhiteElo "2326"]
[BlackElo "2392"]
[Annotator "NA"]
[PlyCount "187"]
[EventDate "2019.03.19"]
[EventType "swiss"]
[EventCountry "GEO"]
[SourceTitle "playchess.com"]
[Source "ChessBase"]
[SourceQuality "1"]
[TimeControl "40/5400+30:1800+30"]

1. c4 e6 2. Nf3 d5 3. e3 Nf6 4. Nc3 dxc4 5. Bxc4 a6 6. a4 c5 7. O-O Nc6 8. d4 Be7 9. Qe2 cxd4 10. Rd1 O-O 11. exd4 Nb4 12. Ne5 Nbd5 13. Bg5 h6 {[%emt 0:03:45] D27: Queen's Gambit Accepted: Classical main line: 7 e4!? and 7 a4} (13... Re8 14. Qf3 Rf8 15. Bh4 Nxc3 16. bxc3 Nd7 17. Nxd7 Qxd7 18. Bg3 Bd6 19. Bd3 Bxg3 20. hxg3 g6 21. g4 {1-0 (37) Rajesh,V (2406)-Sorensen,H (2289) Lisbon 2019}) 14. Bh4 {[%emt 0:01:59] LiveBook: 3 Games} Re8 15. Qf3 Nxc3 16. bxc3 Qc7 17. Bd3 $146 ({Predecessor:} 17. Bb3 Bd7 18. Bg3 Bd6 19. a5 Rac8 20. Rdc1 {0-1 (37) Kolesar,M (2209)-Hlavacek,T (2019) Tatranska Lomnica 2017}) 17... Bd7 18. Be4 Rab8 {[%emt 0:10:09] [#]} 19. c4 $1 Rf8 20. Bc2 Bc6 21. Qe2 Rbc8 22. Rd3 ({But not} 22. Bxf6 $6 Bxf6 23. f4 (23. Nxc6 Qxc6 24. Rac1 Bg5 $15) 23... Rfd8 $11) ({White should try} 22. Bg3 $16) 22... Rfd8 23. Rad1 Be4 24. Rg3 Bxc2 25. Qxc2 Nh5 (25... g5 $15 26. Bxg5 hxg5 27. Rxg5+ Kf8) 26. Bxe7 Qxe7 27. Rb3 Nf6 28. h3 Rc7 29. c5 Nd7 30. Nc4 Nf6 31. Qb1 Nd5 $16 32. Nd6 Rdd7 33. a5 Nf6 34. Qa1 Ne8 35. Nc4 Nf6 36. Rdb1 Ne4 37. Re1 Nf6 38. Nb6 Rd8 39. Qb2 Nd5 40. Nc4 Nf4 41. Nd6 Qg5 42. Rg3 Qf6 43. Qd2 Ng6 44. Rf3 Qh4 45. Qe3 Qg5 46. Rg3 Qd5 47. f4 Ne7 48. Qe5 Qxe5 49. dxe5 Rb8 50. Rc1 Nc6 51. Ra3 Kf8 52. Kh2 Ke7 53. Kg3 g5 54. Kf3 gxf4 55. Kxf4 Rg8 56. g4 Rg5 57. Re1 Nb4 58. h4 Rg8 59. Rb1 Nd5+ 60. Kf3 Rxc5 61. Rxb7+ Rc7 62. Rab3 f6 63. Rxc7+ Nxc7 64. Rb7 fxe5 65. Nc4 e4+ 66. Kf4 Kd7 67. Ne5+ Kc8 68. Rb3 Nd5+ 69. Kxe4 Nf6+ 70. Kf3 Nd5 71. Kg3 Kc7 72. Rf3 h5 73. g5 Ne7 74. Rf7 Kd6 75. Nc4+ Kd7 76. Rh7 e5 77. Nxe5+ Ke6 78. Nd3 Nf5+ 79. Kh3 Rc8 80. Nf4+ Ke5 81. Nxh5 Rc3+ 82. Kh2 Rc2+ 83. Kh1 Nxh4 84. Ng3 Rc1+ 85. Kh2 Nf3+ 86. Kg2 Nxg5 87. Rh5 Rc2+ 88. Kf1 Kf4 89. Ne2+ Kg4 90. Rh6 Ne4 91. Rxa6 Nd2+ 92. Kf2 Nb3 93. Ke3 Ra2 94. Nc3 1/2-1/2

[Event "76th GEO-ch Women 2019"]
[Site "Tbilisi"]
[Date "2019.03.23"]
[Round "5.6"]
[White "Esadze, Tamari"]
[Black "Vakhania, Aleksandra"]
[Result "0-1"]
[ECO "B15"]
[WhiteElo "2078"]
[BlackElo "2175"]
[Annotator "NA"]
[PlyCount "68"]
[EventDate "2019.03.19"]
[EventType "swiss"]
[EventCountry "GEO"]
[SourceTitle "playchess.com"]
[Source "ChessBase"]
[SourceQuality "1"]
[TimeControl "40/5400+30:1800+30"]

1. e4 c6 2. d4 d5 3. Nc3 dxe4 4. Nxe4 Nf6 5. Nxf6+ exf6 6. Nf3 Bd6 7. Bd3 O-O 8. O-O Bg4 9. h3 {[%emt 0:03:40] LiveBook: 23 Games} Bh5 {[%emt 0:00:10] B15: Caro-Kann: 3 Nc3: 3...g6 and 3...dxe4 4 Nxe4 Nf6 5 Nxf6+ exf6} 10. Re1 (10. Be4 Re8 11. Qd3 Bg6 12. Bxg6 hxg6 13. Bd2 Nd7 {½-½ (13) Ghaem Maghami,E (2574)-Berkes,F (2648) Rasht 2017}) 10... c5 11. dxc5 $146 ({Predecessor:} 11. g4 Bg6 12. Bxg6 hxg6 13. dxc5 Bxc5 14. Be3 Qb6 15. Bxc5 Qxc5 16. Qd4 Qc7 17. Rad1 {½-½ (51) Tompa,J (2445)-Okrajek,A (2240) Cappelle-la-Grande 1991}) 11... Bxc5 12. Be3 Bd6 13. Be4 Nc6 14. Qd5 f5 15. Bg5 ({Don't play} 15. Qxf5 Bg6 $11) 15... Qb6 16. Bxf5 ({Of course not} 16. Qxd6 $6 fxe4 17. Nd2 (17. Rxe4 h6 $17) 17... Qxb2 $15) 16... Bc5 17. Bh4 Bxf3 $1 18. Qxf3 $16 ({Of course not} 18. gxf3 $6 Rad8 $11) 18... Nd4 19. Qd3 Qh6 20. Be7 Bxe7 21. Rxe7 Qf6 22. Bxh7+ Kh8 23. Rd7 Ne6 24. Qf5 Qh6 25. Rxf7 Rxf7 26. Qxf7 Kxh7 27. Re1 Ng5 28. Qxb7 Rf8 29. Qe7 Rf6 30. Qd8 Rg6 31. Re8 Nf3+ 32. Kf1 Qc1+ 33. Ke2 Ng1+ 34. Kd3 Rd6+ {[%emt 0:00:10] Kd4} 0-1

[Event "76th GEO-ch Women 2019"]
[Site "Tbilisi"]
[Date "2019.03.24"]
[Round "6.1"]
[White "Melia, Salome"]
[Black "Vakhania, Aleksandra"]
[Result "1-0"]
[ECO "B06"]
[WhiteElo "2385"]
[BlackElo "2175"]
[Annotator "NA"]
[PlyCount "97"]
[EventDate "2019.03.19"]
[EventType "swiss"]
[EventCountry "GEO"]
[SourceTitle "playchess.com"]
[Source "ChessBase"]
[SourceQuality "1"]
[TimeControl "40/5400+30:1800+30"]

1. e4 g6 2. d4 Bg7 3. Nf3 c6 4. Nc3 d6 5. a4 Nf6 6. Be2 O-O 7. O-O d5 {[%emt 0:10:48] B08: Pirc Defence: Classical System} (7... Qc7 8. e5 dxe5 9. Nxe5 Nbd7 10. Bf4 Nxe5 11. Bxe5 Qd8 12. a5 Bf5 13. Re1 Nd5 14. Bf3 Nb4 15. Bxg7 Kxg7 16. Be4 Bxe4 17. Nxe4 b6 18. c3 {1-0 (70) So,W (2780)-Duda,J (2737) chess.com INT 2018}) 8. e5 Ne4 9. Nxe4 dxe4 10. Ng5 c5 11. dxc5 Qc7 12. Nxe4 Bxe5 $146 ({Predecessor:} 12... Rd8 13. Bd3 Bxe5 14. Qf3 Bxh2+ 15. Kh1 {½-½ (25) Voelker,J-Voth,J USA corr 1991}) 13. f4 Bg7 14. c3 Bf5 15. Bf3 Na6 16. c6 Qxc6 17. Qe2 Nc5 18. Nxc5 Qxc5+ 19. Be3 Qc7 20. Qb5 Bd7 21. Qxb7 Qxb7 22. Bxb7 Rab8 23. Bf3 Rxb2 24. Rfd1 Be6 25. Bxa7 Bxc3 26. Bd4 Bxd4+ $1 27. Rxd4 Bc8 $1 28. a5 Bb7 $1 29. a6 $14 Bxf3 30. gxf3 Ra8 31. Rd7 Kf8 32. Rc7 Ke8 33. Rd1 Rd8 34. Rxd8+ Kxd8 35. a7 Kxc7 36. a8=Q Rb7 37. Qe8 f5 38. Qxe7+ Kc6 39. Qe6+ Kc7 40. Kg2 Rb2+ 41. Kg3 Rd2 42. Qc4+ Kd8 43. Qg8+ Ke7 44. Qxh7+ Kf6 45. Qh8+ Kf7 46. h4 Rd6 47. Qh7+ Kf6 48. Qg8 Rd7 49. h5 1-0

[Event "76th GEO-ch Women 2019"]
[Site "Tbilisi"]
[Date "2019.03.24"]
[Round "6.2"]
[White "Arabidze, Meri"]
[Black "Esadze, Tamari"]
[Result "1-0"]
[ECO "A14"]
[WhiteElo "2392"]
[BlackElo "2078"]
[Annotator "NA"]
[PlyCount "119"]
[EventDate "2019.03.19"]
[EventType "swiss"]
[EventCountry "GEO"]
[SourceTitle "playchess.com"]
[Source "ChessBase"]
[SourceQuality "1"]
[TimeControl "40/5400+30:1800+30"]

1. Nf3 Nf6 2. c4 e6 3. g3 d5 4. Bg2 Be7 5. O-O O-O 6. b3 c5 7. Bb2 Nc6 8. e3 b6 9. Nc3 Bb7 10. cxd5 Nxd5 11. Nxd5 exd5 12. d4 Bf6 13. Qd2 {[%emt 0:05:04] A14: English Opening: 1...e6 with b3 by White} Qe7 14. Rac1 cxd4 (14... Rac8 15. Bh3 Rcd8 16. Ba3 Nb4 17. Bxb4 cxb4 18. Rc2 Bc8 19. Bxc8 Rxc8 20. Rfc1 Rxc2 21. Qxc2 g6 22. Qc7 Re8 23. Qxe7 Rxe7 {1-0 (37) Mikhalevski,V (2581)-Arruebarrena,R (2267) Edmonton 2018}) 15. Nxd4 Bxd4 16. Bxd4 Rfd8 17. Rfd1 Nxd4 18. Qxd4 h6 19. h4 $146 ({Predecessor:} 19. Rc2 Rab8 20. Rcd2 Qa3 {½-½ (31) Rumpl,E (2334)-Vyskocil,N (2364) Austria 2016}) 19... Kh7 20. Qf4 Kg8 21. Rc7 Rd7 22. Rdc1 Rad8 23. Bh3 g5 24. hxg5 hxg5 25. Rxd7 $16 Rxd7 26. Qb8+ Rd8 27. Qc7 Qxc7 28. Rxc7 Rb8 29. Bg4 a5 30. Bh5 f5 31. Bf7+ Kh8 32. Rd7 Bc6 33. Rd6 Rc8 34. Be6 Rc7 35. Bxf5 Bb7 36. Rd8+ Kg7 37. Rd7+ Rxd7 38. Bxd7 Kf6 39. f4 gxf4 40. exf4 d4 41. Kf2 Be4 42. Ke2 Kg6 43. g4 Kf6 44. Bb5 Ke6 45. a3 Kf6 46. b4 axb4 47. axb4 Ke6 48. Bd3 Bc6 49. Kf2 Kf6 50. g5+ Ke6 51. Kg3 Ba4 52. f5+ Ke5 53. f6 Bb3 54. Kh4 Ke6 55. Kh5 Kf7 56. Kg4 Ke6 57. Kf4 Bd5 58. Bf5+ Kd6 59. g6 b5 60. f7 1-0

[Event "76th GEO-ch Women 2019"]
[Site "Tbilisi"]
[Date "2019.03.24"]
[Round "6.4"]
[White "Khukhashvili, Sopiko"]
[Black "Khurtsilava, Inga"]
[Result "1-0"]
[ECO "B30"]
[WhiteElo "2342"]
[BlackElo "2234"]
[Annotator "NA"]
[PlyCount "87"]
[EventDate "2019.03.19"]
[EventType "swiss"]
[EventCountry "GEO"]
[SourceTitle "playchess.com"]
[Source "ChessBase"]
[SourceQuality "1"]
[TimeControl "40/5400+30:1800+30"]

1. e4 c5 2. Nf3 Nc6 3. c3 d5 4. exd5 Qxd5 5. d4 e6 6. Na3 a6 7. Nc4 Qd8 8. Be3 {[%emt 0:00:37] B22: Sicilian: 2 c3} b5 9. Nce5 ({Worse is} 9. dxc5 Qxd1+ 10. Rxd1 bxc4 $17) 9... Nxe5 10. Nxe5 Qc7 11. a4 b4 (11... cxd4 12. cxd4 Bb4+ 13. Bd2 Qa5 14. Bxb4 Qxb4+ 15. Qd2 Qxd2+ 16. Kxd2 bxa4 17. Rxa4 Bb7 18. Rb4 Bd5 19. f3 {½-½ (19) Srbis,J (2421)-Fedorchuk,S (2640) Mali Losinj 2017}) 12. cxb4 cxd4 13. Qxd4 Bxb4+ $146 ({Predecessor:} 13... Bd6 14. Rc1 Bxe5 15. Rxc7 Bxd4 16. Bxd4 {1-0 (25) Berg,K (2375)-Forintos,G (2395) Tallinn 1986}) 14. Qxb4 Qxe5 15. Be2 Ne7 16. Bf4 Nc6 17. Qb6 Qe4 18. Rd1 O-O 19. Bd6 Qxg2 20. Rf1 Re8 $1 {[%emt 0:01:17] [#]} 21. f3 $1 Bd7 {[%emt 0:00:29] [#]} 22. Bc7 (22. Bg3 $1 $16 Nb8 23. b3) 22... e5 $1 23. Rxd7 Nd4 24. Rf2 $11 ({Reject} 24. Bxa6 Qxh2 25. b3 Qc2 $17) 24... Qg1+ 25. Bf1 Qg5 26. Be2 Qg1+ 27. Rf1 Qg2 28. Bd1 e4 29. Qxd4 exf3+ 30. Be5 Qxh2 31. Rd5 f6 32. Rxf3 Rac8 33. Qe4 fxe5 34. Rd7 Kh8 35. Qg4 Qh1+ 36. Ke2 Qh2+ 37. Rf2 Qh6 38. Qf5 e4 39. Rg2 Rg8 40. Rdxg7 Qxg7 41. Rxg7 Kxg7 42. Bb3 Rgf8 43. Qg5+ Kh8 44. Qe5+ 1-0

[Event "76th GEO-ch Women 2019"]
[Site "Tbilisi"]
[Date "2019.03.24"]
[Round "6.6"]
[White "Gvetadze, Sofio"]
[Black "Purtseladze, Maka"]
[Result "1/2-1/2"]
[ECO "C02"]
[WhiteElo "2321"]
[BlackElo "2282"]
[Annotator "NA"]
[PlyCount "101"]
[EventDate "2019.03.19"]
[EventType "swiss"]
[EventCountry "GEO"]
[SourceTitle "playchess.com"]
[Source "ChessBase"]
[SourceQuality "1"]
[TimeControl "40/5400+30:1800+30"]

1. e4 e6 2. d4 d5 3. e5 Bd7 4. Nf3 a6 5. Bd3 Bb5 {[%emt 0:00:32] C02: French: Advance Variation} 6. O-O (6. Nc3 Bxd3 7. cxd3 Ne7 8. h4 h5 9. Bg5 Qd7 10. O-O Nbc6 11. Rc1 Nf5 12. Ne2 Be7 13. Bxe7 Ncxe7 {0-1 (39) Berbatov,K (2481)-Drasko,M (2527) Albena 2010}) 6... Bxd3 7. Qxd3 c5 8. dxc5 Bxc5 9. c4 Ne7 10. Nc3 Bb4 $146 ({Predecessor:} 10... Ng6 11. cxd5 O-O 12. Rd1 exd5 13. Nxd5 Nc6 14. Be3 Bxe3 15. Qxe3 {0-1 (28) Kehayov,Y (1300)-Brulland,E (1470) FICGS email 2010}) 11. Rd1 Bxc3 12. bxc3 Nbc6 13. Ba3 dxc4 14. Qxc4 Qa5 15. Bd6 O-O 16. Rdb1 Rfc8 17. Qd3 Ng6 18. Re1 b5 19. Ng5 $11 Qd8 20. h4 Ra7 21. g3 Rd7 22. Qf3 h6 23. Nh3 Na5 24. a4 Nc4 25. h5 Ne7 26. axb5 axb5 27. Bb4 Nc6 28. Bd6 Nxd6 29. exd6 Rxd6 30. Reb1 Rd5 31. Nf4 Rc5 32. Qe3 Qg5 33. Rd1 Qe5 34. Qd3 Qf6 35. Ra3 Ne5 36. Qe2 Qe7 37. Ra6 Nc4 38. Rda1 R5c7 39. Ra8 Qc5 40. R1a6 Kh8 41. Qe4 Rxa8 42. Qxa8+ Rc8 43. Qb7 Ne5 44. Ra7 Qc6 45. Ng6+ Nxg6 46. Qxf7 Ne7 47. Rxe7 Qxc3 48. Re8+ Rxe8 49. Qxe8+ Kh7 50. Qg6+ Kh8 51. Qe8+ 1/2-1/2

[Event "76th GEO-ch Women 2019"]
[Site "Tbilisi"]
[Date "2019.03.26"]
[Round "7.1"]
[White "Purtseladze, Maka"]
[Black "Melia, Salome"]
[Result "0-1"]
[ECO "A45"]
[WhiteElo "2282"]
[BlackElo "2385"]
[Annotator "NA"]
[PlyCount "92"]
[EventDate "2019.03.19"]
[EventType "swiss"]
[EventCountry "GEO"]
[SourceTitle "playchess.com"]
[Source "ChessBase"]
[SourceQuality "1"]
[TimeControl "40/5400+30:1800+30"]

1. d4 Nf6 2. Bg5 c5 3. Bxf6 gxf6 4. d5 f5 5. e3 {[%emt 0:01:09] A45: Trompowsky Attack} (5. c4 d6 6. Nc3 Nd7 7. e3 Nf6 8. Qc2 Bg7 9. Bd3 e6 10. Nge2 Bd7 11. O-O Qc7 12. a3 Ng4 {0-1 (35) Kryakvin,D (2588)-Puranik,A (2536) chess.com INT 2019}) 5... Bg7 6. c3 d6 7. Nd2 Nd7 8. Nh3 Nf6 9. Nf4 Bd7 10. Nh5 Rg8 11. Nxf6+ Bxf6 12. a4 Kf8 $146 13. g3 a6 14. a5 b5 15. axb6 $1 Qxb6 16. Qb3 ({White should try} 16. Ra2 $14) 16... Qxb3 17. Nxb3 Rb8 18. Bc4 e6 (18... Rg4 $5 19. f4 $8 e6 $11) 19. O-O-O Ba4 (19... Ke7 $5 ) 20. Na5 (20. Kc2 $1 $14) 20... Bxd1 21. Rxd1 e5 $1 22. Nc6 Rb6 23. Kc2 {[%emt 0:12:19] [#]} h5 $17 24. Bd3 f4 25. Be2 fxe3 26. fxe3 h4 27. g4 Bg5 28. h3 Bxe3 29. Bd3 Bg5 30. Ra1 Kg7 31. b4 cxb4 32. cxb4 Ra8 33. b5 a5 34. Kb3 e4 35. Bc4 Bd2 36. Nd4 Rc8 37. Nc6 e3 38. Ra4 Re8 39. Be2 Rb7 40. Nxa5 Bxa5 41. Rxa5 Rc8 42. Ra3 Rc5 43. Kb4 Re7 44. Ra2 Rxd5 45. Bf3 Rd2 46. Ra1 Rf2 0-1

[Event "76th GEO-ch Women 2019"]
[Site "Tbilisi"]
[Date "2019.03.26"]
[Round "7.2"]
[White "Khomeriki, Nino"]
[Black "Gvetadze, Sofio"]
[Result "1/2-1/2"]
[ECO "D38"]
[WhiteElo "2347"]
[BlackElo "2321"]
[Annotator "NA"]
[PlyCount "122"]
[EventDate "2019.03.19"]
[EventType "swiss"]
[EventCountry "GEO"]
[SourceTitle "playchess.com"]
[Source "ChessBase"]
[SourceQuality "1"]
[TimeControl "40/5400+30:1800+30"]

1. d4 Nf6 2. Nf3 e6 3. c4 d5 4. Nc3 Bb4 5. Bg5 h6 6. Bxf6 Qxf6 7. Qa4+ Nc6 8. e3 O-O {[%emt 0:00:22] D38: Queen's Gambit Declined: Ragozin Defence (4 Nf3 Bb4)} 9. Be2 a6 10. O-O dxc4 11. Bxc4 Bd6 12. Be2 $146 ({Predecessor:} 12. Ne4 Qe7 13. Nxd6 cxd6 14. d5 Na7 15. Qb4 e5 16. Rac1 {1-0 (63) Carlsen,M (2881)-Movsesian,S (2672) Dubai 2014}) 12... Bd7 13. Rfd1 Rfd8 14. Qb3 Rab8 15. Rac1 Qe7 16. Ne4 Qe8 17. Nc5 e5 18. Nxd7 ({Much weaker is} 18. Nxb7 Na5 $15) 18... Rxd7 19. d5 Ne7 20. e4 Ng6 21. Nd2 Qd8 22. Bg4 Re7 23. g3 Re8 24. h4 Nf8 25. Qd3 Nh7 26. a3 Nf6 27. Bh3 g6 28. Qe3 Kg7 29. Nc4 Re7 30. Rc2 Qe8 31. Nxd6 cxd6 32. Rdc1 Qb5 33. Bf1 Qd7 34. Rc4 Qg4 $16 35. Be2 Qh3 36. Bf1 Qg4 37. Kg2 Qd7 38. Qb6 Qd8 39. Qe3 Ng4 40. Qf3 h5 41. Qb3 f5 42. f3 Nh6 43. Bd3 f4 44. Qc3 Rf7 45. Rc7 fxg3 46. Rxf7+ Nxf7 47. Kxg3 Qb6 48. Bf1 g5 49. Qd2 gxh4+ 50. Kh2 Kf6 51. f4 Rg8 52. Bh3 exf4 53. Rf1 Ke7 54. Qxf4 Qxb2+ 55. Kh1 Qg7 56. Qf5 Qg6 57. Qd7+ Kf8 58. Qc8+ Kg7 59. Qc3+ Kf8 60. Qc8+ Kg7 61. Qc3+ Kh7 1/2-1/2

[Event "76th GEO-ch Women 2019"]
[Site "Tbilisi"]
[Date "2019.03.26"]
[Round "7.3"]
[White "Khurtsilava, Inga"]
[Black "Tsereteli, Tamar"]
[Result "0-1"]
[ECO "D04"]
[WhiteElo "2234"]
[BlackElo "2315"]
[Annotator "NA"]
[PlyCount "102"]
[EventDate "2019.03.19"]
[EventType "swiss"]
[EventCountry "GEO"]
[SourceTitle "playchess.com"]
[Source "ChessBase"]
[SourceQuality "1"]
[TimeControl "40/5400+30:1800+30"]

1. d4 Nf6 2. Nf3 d5 3. e3 c5 4. Nbd2 Nc6 5. dxc5 {[%emt 0:01:16] D04: Colle System} Qa5 (5... e6 6. a3 a5 7. b3 Bxc5 8. Bb2 O-O 9. Bb5 d4 10. Bxc6 dxe3 11. Ne4 exf2+ 12. Kf1 Qb6 13. Nxf6+ gxf6 14. Be4 Rd8 15. Qe2 {1-0 (15) Carlsen,M (2832)-So,W (2815) chess.com INT 2017}) 6. c3 Qxc5 7. Bd3 e5 8. e4 Bg4 $146 ({Predecessor:} 8... Be7 9. O-O Bg4 10. exd5 Qxd5 11. Bc4 Qd7 12. Qb3 O-O {0-1 (27) Donegan,A-Spielmann,R Vienna 1936}) 9. h3 Bh5 10. Qe2 O-O-O 11. exd5 Qxd5 12. Bf5+ Kb8 13. Ne4 Bg6 14. Bxg6 hxg6 15. Nfg5 Rh4 16. f3 Ne8 17. Nf2 Be7 18. O-O f6 19. Rd1 Qg8 20. Nge4 f5 21. Rxd8+ Bxd8 22. Ng3 Nd6 23. Nf1 g5 24. b3 e4 25. Ba3 Bc7 26. Rd1 (26. Bxd6 $5 Bxd6 27. fxe4 $14) 26... exf3 27. Qxf3 Qe6 28. Qd5 Rh6 29. Ng3 Ne7 30. Qd2 Nec8 31. Re1 ({Don't blunder} 31. Qxg5 $2 Rg6 $19) 31... Qf6 32. Bc1 $11 Nf7 33. Qd3 Ncd6 34. c4 Bb6 35. Ba3 Bd4 36. Rd1 Rh4 37. c5 Ne5 38. Qc2 Ndf7 39. Bc1 g6 40. Ne2 Bxf2+ 41. Kxf2 f4 42. Ng1 g4 43. Qe4 g3+ 44. Kf1 f3 45. Qe3 Re4 46. gxf3 Rxe3 47. Bxe3 Nxf3 48. Kg2 Nh4+ 49. Kxg3 Nf5+ 50. Kf2 Qh4+ 51. Ke2 Qe4 0-1

[Event "76th GEO-ch Women 2019"]
[Site "Tbilisi"]
[Date "2019.03.26"]
[Round "7.4"]
[White "Tsatsalashvili, Keti"]
[Black "Khukhashvili, Sopiko"]
[Result "0-1"]
[ECO "A41"]
[WhiteElo "2326"]
[BlackElo "2342"]
[Annotator "NA"]
[PlyCount "80"]
[EventDate "2019.03.19"]
[EventType "swiss"]
[EventCountry "GEO"]
[SourceTitle "playchess.com"]
[Source "ChessBase"]
[SourceQuality "1"]
[TimeControl "40/5400+30:1800+30"]

1. d4 d6 2. c4 e5 3. Nf3 e4 4. Nfd2 f5 5. g3 (5. Nc3 Nf6 6. e3 g6 7. b4 Bg7 8. Bb2 O-O 9. Be2 c6 10. h4 h5 11. g3 d5 12. a4 Be6 13. c5 Nbd7 14. b5 Ng4 15. Qb3 {0-1 (39) Fedoseev,V (2718)-Mamedov,R (2709) Riadh 2017}) 5... Nf6 6. Bg2 {[%emt 0:00:51] A41: 1 d4 d6: Tartakower System and Modern Defence} g6 7. O-O Bg7 8. e3 c6 $146 ({Predecessor:} 8... O-O 9. b4 c6 10. Bb2 Be6 11. Nc3 Nbd7 12. Qe2 {0-1 (57) Loviscek,M (2021)-Srebrnic,V (2201) Nova Gorica 2002}) 9. b4 Na6 10. a3 Nc7 11. Bb2 Be6 12. Qc2 O-O 13. Nc3 Rc8 14. a4 d5 15. c5 h5 16. b5 h4 17. Nb3 Nce8 18. Ne2 hxg3 19. fxg3 Qd7 20. bxc6 bxc6 21. Rab1 Bh6 22. Bc1 Ng7 23. Bd2 Ngh5 24. Na5 Rc7 25. Rb3 g5 (25... Qh7 $17) 26. Qb2 $1 Rf7 27. Rb8+ Kh7 28. Qc3 Qe7 29. Bc1 Bc8 30. Qb2 Ng4 31. Nc3 Bg7 $11 (31... Qd7 $17 32. Qe2 Rf8) 32. Qe2 Qe6 33. Nb3 $2 (33. Bh3 $1 $15) 33... Qh6 34. Bh1 {[%emt 0:00:06] [#]} Ba6 $1 35. Nb5 cxb5 36. axb5 Bc8 37. Bd2 Be6 38. Rd8 Bf8 39. Be1 f4 40. h3 Nxe3 0-1

[Event "76th GEO-ch Women 2019"]
[Site "Tbilisi"]
[Date "2019.03.26"]
[Round "7.5"]
[White "Esadze, Tamari"]
[Black "Mikadze, Miranda"]
[Result "0-1"]
[ECO "B44"]
[WhiteElo "2078"]
[BlackElo "2266"]
[Annotator "NA"]
[PlyCount "92"]
[EventDate "2019.03.19"]
[EventType "swiss"]
[EventCountry "GEO"]
[SourceTitle "playchess.com"]
[Source "ChessBase"]
[SourceQuality "1"]
[TimeControl "40/5400+30:1800+30"]

1. e4 c5 2. Nf3 e6 3. d4 cxd4 4. Nxd4 Nc6 5. c4 Nf6 6. Nc3 Bb4 7. Nxc6 bxc6 8. Bd3 e5 9. O-O O-O 10. Bg5 h6 {[%emt 0:00:27] B44: Sicilian: Taimanov: 5 Nb5} 11. Bh4 Bc5 12. Kh1 d6 13. f3 Bd4 (13... Be6 14. Qc2 Rb8 15. Rad1 Bd4 16. b3 g5 17. Bf2 c5 18. Nb5 {½-½ (59) Nakamura,H (2789)-Gelfand,B (2777) Wijk aan Zee 2014}) 14. Rc1 $146 ({Predecessor:} 14. Rb1 g5 15. Bf2 Bxc3 16. bxc3 c5 17. Qd2 Kg7 18. Be2 {½-½ (96) Lee,K (1913)-Bea,B (2109) Budapest 2011}) 14... Rb8 15. b3 Be6 16. Ne2 Be3 17. Rc3 g5 18. Bg3 c5 19. Bb1 Bd4 $1 20. Rc1 Nd7 21. Nc3 Rb7 22. Bf2 Nb8 23. Bxd4 cxd4 24. Nd5 a5 25. Bc2 Na6 26. Qd2 Kg7 27. g3 a4 (27... f5 $15) 28. bxa4 (28. f4 $11) 28... Rb2 29. Rb1 Rxa2 30. Qc1 Nc5 $11 (30... Bxd5 $17 31. cxd5 Nc5) 31. Nb4 Bxc4 32. Nxa2 Bxa2 33. Rb4 Qa5 34. Qb2 Be6 35. Rd1 Rc8 36. Rb5 Nxa4 37. Bxa4 Qxa4 38. Rd2 Bh3 39. Kg1 Rc3 40. Kf2 Qc4 41. Qb1 Rc1 42. Qd3 Rf1+ 43. Ke2 Qc1 44. Qc2 Qe1+ 45. Kd3 Rxf3+ 46. Kc4 Rc3+ {[%emt 0:01:58] Kxd4} 0-1

[Event "76th GEO-ch Women 2019"]
[Site "Tbilisi"]
[Date "2019.03.26"]
[Round "7.6"]
[White "Vakhania, Aleksandra"]
[Black "Arabidze, Meri"]
[Result "0-1"]
[ECO "A06"]
[WhiteElo "2175"]
[BlackElo "2392"]
[Annotator "NA"]
[PlyCount "84"]
[EventDate "2019.03.19"]
[EventType "swiss"]
[EventCountry "GEO"]
[SourceTitle "playchess.com"]
[Source "ChessBase"]
[SourceQuality "1"]
[TimeControl "40/5400+30:1800+30"]

1. Nf3 d5 2. g3 Nf6 3. Bg2 g6 4. O-O Bg7 5. d3 O-O 6. Nbd2 c5 7. e4 dxe4 8. dxe4 {[%emt 0:03:11] A08: King's Indian Attack} Nc6 9. e5 ({White should play} 9. c3 $11) (9. Qe2 e5 10. c3 Qc7 11. Nc4 {1-0 (49) Artemiev,V (2691)-Bortnyk,O (2610) Riadh 2017}) 9... Ng4 $1 $146 ({Predecessor:} 9... Nd7 10. Nc4 Ncxe5 11. Ncxe5 Nxe5 12. Qe2 Bg4 13. h3 Bxf3 14. Bxf3 Nxf3+ 15. Qxf3 Qc8 {0-1 (44) Mercurio,R (1333)-Paragliola,G (1529) Cutro 2006}) 10. Ne4 Qxd1 11. Rxd1 Ngxe5 12. Nxe5 Nxe5 13. Nxc5 Bg4 14. Rd5 Nf3+ 15. Kh1 Ne1 16. Bh6 Nxg2 17. Bxg7 Kxg7 18. Kxg2 Rfc8 19. c3 e6 20. Rd4 $1 Rxc5 21. Rxg4 Rd8 22. Rb4 b6 23. a4 Rd2 24. Rb5 Rc4 25. a5 (25. Kf3 $1 $11) 25... bxa5 $1 26. Kf3 {[%emt 0:00:44] [#]} a6 $1 27. Ke3 axb5 28. Kxd2 a4 29. Kd3 e5 30. f3 {[%emt 0:02:28] [#]} f5 $1 31. b3 $2 (31. Ke2) 31... axb3 $19 32. Rb1 e4+ 33. Kd2 b4 34. cxb4 Rxb4 35. Kc3 Rb7 36. fxe4 fxe4 37. Kd4 b2 38. Kxe4 Kf6 39. h4 h5 40. Rf1+ Ke6 41. Rb1 Rb4+ 42. Kd3 Kf5 {[%emt 0:00:12] Kd4} 0-1

[Event "76th GEO-ch Women 2019"]
[Site "Tbilisi"]
[Date "2019.03.27"]
[Round "8.1"]
[White "Melia, Salome"]
[Black "Arabidze, Meri"]
[Result "0-1"]
[ECO "C55"]
[WhiteElo "2385"]
[BlackElo "2392"]
[Annotator "NA"]
[PlyCount "80"]
[EventDate "2019.03.19"]
[EventType "swiss"]
[EventCountry "GEO"]
[SourceTitle "playchess.com"]
[Source "ChessBase"]
[SourceQuality "1"]
[TimeControl "40/5400+30:1800+30"]

1. e4 e5 2. Nf3 Nc6 3. d4 exd4 4. Bc4 Nf6 5. e5 Ng4 6. O-O d6 7. Bg5 {[%emt 0:19:07] C56: Two Knights: 4 d4 exd4 5 0-0 Nxe4} (7. exd6 Qxd6 8. Na3 a6 9. h3 Nh6 10. Re1+ Be7 11. Bg5 Nf5 12. Bb3 O-O 13. Nc4 Qd8 14. Bxe7 Nfxe7 15. Nce5 {½-½ (32) Efimenko,Z (2654)-Short,N (2706) Mukachevo 2009}) 7... Be7 8. Bxe7 Qxe7 9. exd6 Qxd6 10. Re1+ Be6 11. h3 Nge5 12. Nxe5 Nxe5 13. Bxe6 fxe6 14. Qh5+ Ng6 {[%emt 0:00:59] [#]} 15. Qb5+ $146 c6 16. Qxb7 O-O 17. Nd2 Nf4 18. Ne4 Qd5 19. b3 e5 20. Rad1 Qe6 21. Ng3 Qf6 22. Rd2 Qg5 23. Rdd1 $2 {[%emt 0:00:12] [#]} (23. Qb4 $1 $11) 23... h5 $1 24. h4 Qxh4 25. Qxc6 Qg5 26. Qc4+ Rf7 27. Qf1 Raf8 28. Ne4 Qg6 29. Kh2 $19 h4 30. Rd2 Kh8 31. c3 d3 32. Re3 Qg4 33. c4 a5 34. f3 Qh5 35. Rdxd3 Nxd3 36. Qxd3 h3 37. g4 Qh4 38. Ng3 Rd8 39. Qe2 Rfd7 40. Rxe5 Rd2 0-1